EL
JACKSON GENERALS @ BIRMINGHAM BARONS
08/06/2049
 
TOP OF THE 1ST
Jackson Generals batting - Pitching for Birmingham Barons : RHP Cortez Laris
Pitching: RHP Cortez Laris
Batting: LHB Addisu Nyamekye 0-0: Called Strike
0-1: Swinging Strike
0-2: Ball
1-2: Ball
2-2: Strikes out swinging
Batting: RHB Enrique Valdez 0-0: Swinging Strike
0-1: Ball
1-1: Foul Ball, location: 2F
1-2: Strikes out looking
Batting: RHB Kinzo Yokoyama 0-0: Ball
1-0: Called Strike
1-1: Ball
2-1: Fly out, F8 (Flyball, 8LD, EV 86.9 MPH)
Top of the 1st over - 0 runs, 0 hits, 0 errors, 0 left on base; Jackson 0 - Birmingham 0
BOTTOM OF THE 1ST
Birmingham Barons batting - Pitching for Jackson Generals : LHP Sid DeSensi
Pitching: LHP Sid DeSensi
Batting: RHB Ron Johansen 0-0: Swinging Strike
0-1: Ball
1-1: Foul Ball, location: 2F
1-2: Foul Ball, location: 2F
1-2: Fly out, F8 (Flyball, 8RXD, EV 108.1 MPH)
Batting: SHB Veit Geisler 0-0: Foul Ball, location: 2F
0-1: Called Strike
0-2: Ball
1-2: Ball
2-2: Fly out, F4 (Line Drive, 4M, EV 71.9 MPH)
Batting: RHB Vic Lucatero 0-0: Fly out, F8 (Line Drive, 8RM, EV 90.6 MPH)
Bottom of the 1st over - 0 runs, 0 hits, 0 errors, 0 left on base; Jackson 0 - Birmingham 0
TOP OF THE 2ND
Jackson Generals batting - Pitching for Birmingham Barons : RHP Cortez Laris
Batting: RHB Chris Skaff 0-0: Ball
1-0: Ball
2-0: Foul Ball, location: 2F
2-1: Foul Ball, location: 2F
2-2: Strikes out swinging
Batting: RHB Paul Shell 0-0: Called Strike
0-1: Foul Ball, location: 2F
0-2: SINGLE (Groundball, 6S, EV 68.8 MPH) (infield hit)
Batting: RHB Ryan Criollo 0-0: Ball
1-0: Ball
2-0: Ball
3-0: Called Strike
3-1: Base on Balls
Paul Shell to second
Batting: RHB Chris Van Niel 0-0: Ball
1-0: Called Strike
1-1: Fly out, F8 (Flyball, 89D, EV 102.5 MPH)
Batting: LHB Brent Dutcher 0-0: Ball
1-0: DOUBLE (Groundball, 3L, EV 107.5 MPH)
Paul Shell scores
Ryan Criollo to third
Batting: LHB Matt Hepburn 0-0: Swinging Strike
0-1: Swinging Strike
0-2: Ball
Wild Pitch!
Ryan Criollo scores
Brent Dutcher to third
1-2: Strikes out swinging
Top of the 2nd over - 2 runs, 2 hits, 0 errors, 1 left on base; Jackson 2 - Birmingham 0
BOTTOM OF THE 2ND
Birmingham Barons batting - Pitching for Jackson Generals : LHP Sid DeSensi
Batting: RHB Danny Heikkila 0-0: Called Strike
0-1: Foul Ball, location: 2F
0-2: Ground out 6-3 (Groundball, 6, EV 103.8 MPH)
Batting: LHB Matt Hyde 0-0: Foul Ball, location: 2F
0-1: Called Strike
0-2: Strikes out looking
Batting: LHB Jason Bell 0-0: Ball
1-0: Swinging Strike
1-1: Called Strike
1-2: Ball
2-2: Strikes out swinging
Bottom of the 2nd over - 0 runs, 0 hits, 0 errors, 0 left on base; Jackson 2 - Birmingham 0
TOP OF THE 3RD
Jackson Generals batting - Pitching for Birmingham Barons : RHP Cortez Laris
Batting: LHB Addisu Nyamekye 0-0: Ball
1-0: Called Strike
1-1: Ball
2-1: DOUBLE (Groundball, 3L, EV 103.1 MPH)
Batting: RHB Enrique Valdez 0-0: Ball
1-0: Called Strike
1-1: Ground out 5-3 (Groundball, 56, EV 100.6 MPH)
Batting: RHB Kinzo Yokoyama 0-0: Ball
1-0: Ball
2-0: Swinging Strike
2-1: Ground out 6-3 (Groundball, 6, EV 84.4 MPH)
Addisu Nyamekye to third
Batting: RHB Chris Skaff 0-0: Ball
1-0: Called Strike
1-1: Ground out 6-3 (Groundball, 56, EV 97.5 MPH)
Top of the 3rd over - 0 runs, 1 hit, 0 errors, 1 left on base; Jackson 2 - Birmingham 0
BOTTOM OF THE 3RD
Birmingham Barons batting - Pitching for Jackson Generals : LHP Sid DeSensi
Batting: LHB Larry Myers 0-0: Ball
1-0: Foul Ball, location: 2F
1-1: DOUBLE (Line Drive, 7LD, EV 114.4 MPH)
Batting: RHB Jerry Edmiston 0-0: Foul Ball, location: 2F
0-1: Ball
1-1: Ground out 1-3 (Groundball, 13, EV 63.8 MPH)
Larry Myers to third
Batting: SHB Matt Childers 0-0: Reached on error, E3 (Groundball, 34, EV 98.8 MPH)
Larry Myers scores
Batting: RHB Ron Johansen 0-0: Called Strike
0-1: Called Strike
0-2: Ball
1-2: Ball
2-2: SINGLE (Groundball, 25, EV 70.0 MPH) (infield hit)
Matt Childers to second
Batting: SHB Veit Geisler 0-0: Called Strike
0-1: Called Strike
0-2: Ball
1-2: Ball
2-2: Ball
3-2: Strikes out swinging
Batting: RHB Vic Lucatero 0-0: Ball
1-0: SINGLE (Groundball, 56S, EV 74.4 MPH) (infield hit)
Matt Childers to third
Ron Johansen to second
Batting: RHB Danny Heikkila 0-0: Foul Ball, location: 2F
0-1: Ball
1-1: Ball
2-1: Ball
3-1: Base on Balls
Matt Childers scores
Ron Johansen to third
Vic Lucatero to second
Batting: LHB Matt Hyde 0-0: Called Strike
0-1: Foul Ball, location: 2F
0-2: Foul Ball, location: 2F
0-2: Ground out 4-3 (Groundball, 4, EV 87.5 MPH)
Bottom of the 3rd over - 2 runs, 3 hits, 1 error, 3 left on base; Jackson 2 - Birmingham 2
TOP OF THE 4TH
Jackson Generals batting - Pitching for Birmingham Barons : RHP Cortez Laris
Batting: RHB Paul Shell 0-0: Ground out 4-3 (Groundball, 4, EV 100.6 MPH)
Batting: RHB Ryan Criollo 0-0: Foul Ball, location: 2F
0-1: Foul Ball, location: 2F
0-2: Ball
1-2: Ball
2-2: Fly out, F8 (Flyball, 8RXD, EV 107.5 MPH)
Batting: RHB Chris Van Niel 0-0: Called Strike
0-1: Foul Ball, location: 2F
0-2: Ball
1-2: DOUBLE (Line Drive, 9LM, EV 108.1 MPH)
Batting: LHB Brent Dutcher 0-0: Called Strike
0-1: Ball
1-1: Ground out 6-3 (Groundball, 6, EV 86.9 MPH)
Top of the 4th over - 0 runs, 1 hit, 0 errors, 1 left on base; Jackson 2 - Birmingham 2
BOTTOM OF THE 4TH
Birmingham Barons batting - Pitching for Jackson Generals : LHP Sid DeSensi
Batting: LHB Jason Bell 0-0: Foul Ball, location: 2F
0-1: Ball
1-1: Ball
2-1: Foul Ball, location: 2F
2-2: Ball
3-2: Foul Ball, location: 2F
3-2: Fly out, F7 (Flyball, 7D, EV 103.1 MPH)
Batting: LHB Larry Myers 0-0: Swinging Strike
0-1: Called Strike
0-2: Strikes out swinging
Batting: RHB Jerry Edmiston 0-0: Foul Ball, location: 2F
0-1: Ball
1-1: SINGLE (Line Drive, 9S, EV 93.8 MPH)
Batting: SHB Matt Childers 0-0: Foul Ball, location: 2F
0-1: Ball
1-1: Ball
2-1: Swinging Strike
2-2: Foul Ball, location: 2F
2-2: Ball
3-2: SINGLE (Groundball, 34D, EV 97.5 MPH)
Jerry Edmiston to second
Jerry Edmiston to third
Batting: RHB Ron Johansen 0-0: Foul Ball, location: 2F
0-1: Fly out, F1 (Line Drive, P, EV 67.5 MPH)
Bottom of the 4th over - 0 runs, 2 hits, 0 errors, 2 left on base; Jackson 2 - Birmingham 2
TOP OF THE 5TH
Jackson Generals batting - Pitching for Birmingham Barons : RHP Cortez Laris
Batting: LHB Matt Hepburn 0-0: Ball
1-0: Ball
2-0: Ground out U3 (Groundball, 3, EV 81.9 MPH)
Batting: LHB Addisu Nyamekye 0-0: Ball
1-0: Called Strike
1-1: Ball
2-1: Foul Ball, location: 2F
2-2: Strikes out swinging
Batting: RHB Enrique Valdez 0-0: Ball
1-0: Ground out U3 (Groundball, 34S, EV 80.6 MPH)
Top of the 5th over - 0 runs, 0 hits, 0 errors, 0 left on base; Jackson 2 - Birmingham 2
BOTTOM OF THE 5TH
Birmingham Barons batting - Pitching for Jackson Generals : LHP Sid DeSensi
Batting: SHB Veit Geisler 0-0: Ball
1-0: Ball
2-0: Ball
3-0: Fly out, F7 (Flyball, 7LM, EV 88.8 MPH)
Batting: RHB Vic Lucatero 0-0: Ground out 1-3 (Groundball, 13S, EV 68.8 MPH)
Batting: RHB Danny Heikkila 0-0: Swinging Strike
0-1: Ball
1-1: Ball
2-1: Swinging Strike
2-2: Ground out 6-3 (Groundball, 6, EV 81.2 MPH)
Bottom of the 5th over - 0 runs, 0 hits, 0 errors, 0 left on base; Jackson 2 - Birmingham 2
TOP OF THE 6TH
Jackson Generals batting - Pitching for Birmingham Barons : RHP Cortez Laris
Batting: RHB Kinzo Yokoyama 0-0: Called Strike
0-1: Ball
1-1: Swinging Strike
1-2: Foul Ball, location: 2F
1-2: Foul Ball, location: 2F
1-2: Foul Ball, location: 2F
1-2: Ball
2-2: Strikes out swinging
Batting: RHB Chris Skaff 0-0: Called Strike
0-1: Called Strike
0-2: Ball
1-2: Ball
2-2: Ball
3-2: Base on Balls
Batting: RHB Paul Shell 0-0: Called Strike
0-1: Foul Ball, location: 2F
0-2: Ball
1-2: Strikes out swinging
Pitching: RHP Jose Vigil
Batting: RHB Ryan Criollo 0-0: Called Strike
0-1: Foul Ball, location: 2F
0-2: Foul Ball, location: 2F
0-2: Strikes out swinging
Top of the 6th over - 0 runs, 0 hits, 0 errors, 1 left on base; Jackson 2 - Birmingham 2
BOTTOM OF THE 6TH
Birmingham Barons batting - Pitching for Jackson Generals : LHP Sid DeSensi
Batting: LHB Matt Hyde 0-0: Called Strike
0-1: Ground out 6-3 (Groundball, 6, EV 90.0 MPH)
Batting: LHB Jason Bell 0-0: Called Strike
0-1: Fly out, F7 (Flyball, 78D, EV 88.8 MPH)
Batting: LHB Larry Myers 0-0: Ball
1-0: Foul Ball, location: 2F
1-1: Foul Ball, location: 2F
1-2: Ball
2-2: Ground out 3-1 (Groundball, 34S, EV 83.8 MPH)
Bottom of the 6th over - 0 runs, 0 hits, 0 errors, 0 left on base; Jackson 2 - Birmingham 2
TOP OF THE 7TH
Jackson Generals batting - Pitching for Birmingham Barons : RHP Jose Vigil
Batting: RHB Chris Van Niel 0-0: Called Strike
0-1: Ball
1-1: Swinging Strike
1-2: Reached on error, E5 (Groundball, 56, EV 100.6 MPH)
Batting: LHB Brent Dutcher 0-0: Called Strike
Chris Van Niel steals 2nd base (no throw)
0-1: Foul Ball, location: 2F
0-2: Strikes out swinging
Batting: LHB Matt Hepburn 0-0: Foul Ball, location: 2F
0-1: Ball
1-1: Foul Ball, location: 2F
1-2: Foul Ball, location: 2F
1-2: Fly out, F8 (Line Drive, 8LD, EV 89.4 MPH)
Batting: LHB Addisu Nyamekye 0-0: Intentional Walk
Pinch Hitting: LHB Jason Kinney 0-0: Ball
1-0: Foul Ball, location: 2F
1-1: Ground out 4-3 (Groundball, 4, EV 90.6 MPH)
Top of the 7th over - 0 runs, 0 hits, 1 error, 2 left on base; Jackson 2 - Birmingham 2
BOTTOM OF THE 7TH
Birmingham Barons batting - Pitching for Jackson Generals : LHP Sid DeSensi
Now at 2B: Brent Dutcher
Now at 3B: Jason Kinney
Batting: RHB Jerry Edmiston 0-0: Called Strike
0-1: Ball
1-1: Ground out 5-3 (Groundball, 56, EV 101.9 MPH)
Batting: SHB Matt Childers 0-0: Ball
1-0: Foul Ball, location: 2F
1-1: Foul Ball, location: 2F
1-2: Strikes out swinging
Batting: RHB Ron Johansen 0-0: Ball
1-0: Ball
2-0: Ball
3-0: Base on Balls
Pitching: RHP Kyle Wood
Batting: SHB Veit Geisler 0-0: Ball
Ron Johansen is caught stealing 2nd base 2-6
Bottom of the 7th over - 0 runs, 0 hits, 0 errors, 0 left on base; Jackson 2 - Birmingham 2
TOP OF THE 8TH
Jackson Generals batting - Pitching for Birmingham Barons : RHP Jose Vigil
Pitching: RHP Nate Myers
Batting: RHB Kinzo Yokoyama 0-0: Called Strike
0-1: Foul Ball, location: 2F
0-2: Ball
1-2: Ball
2-2: Ball
3-2: Foul Ball, location: 2F
3-2: Foul Ball, location: 2F
3-2: Foul Ball, location: 2F
3-2: SOLO HOME RUN (Flyball, 9LD, EV 97.5 MPH), Distance : 352 ft
Batting: RHB Chris Skaff 0-0: Called Strike
0-1: Foul Ball, location: 2F
0-2: Ball
1-2: Foul Ball, location: 2F
1-2: Ground out 6-3 (Groundball, 6, EV 83.1 MPH)
Batting: RHB Paul Shell 0-0: Swinging Strike
0-1: Foul Ball, location: 2F
0-2: Ground out 5-3 (Groundball, 56, EV 108.8 MPH)
Batting: RHB Ryan Criollo 0-0: Ball
1-0: Ball
2-0: Ball
3-0: Base on Balls
Pitching: LHP James Reynolds
Batting: RHB Chris Van Niel 0-0: Called Strike
Ryan Criollo steals 2nd base
0-1: Ball
1-1: Called Strike
1-2: Ball
2-2: Ball
3-2: Foul Ball, location: 2F
3-2: DOUBLE (Flyball, 7LD, EV 110.0 MPH)
Ryan Criollo scores
Batting: LHB Brent Dutcher 0-0: Intentional Walk
Batting: LHB Matt Hepburn 0-0: Ball
1-0: Fly out, F3 (Popup, 3S, EV 72.5 MPH)
Top of the 8th over - 2 runs, 2 hits, 0 errors, 2 left on base; Jackson 4 - Birmingham 2
BOTTOM OF THE 8TH
Birmingham Barons batting - Pitching for Jackson Generals : RHP Kyle Wood
Batting: SHB Veit Geisler 0-0: Ball
1-0: Foul Ball, location: 2F
1-1: Swinging Strike
1-2: Ball
2-2: Ball
3-2: SINGLE (Line Drive, 34D, EV 106.9 MPH)
Batting: RHB Vic Lucatero 0-0: Called Strike
0-1: Ball
1-1: Swinging Strike
1-2: Foul Ball, location: 2F
1-2: Ball
2-2: Foul Ball, location: 2F
2-2: Strikes out swinging
Pinch Hitting: LHB Dalton Silveira 0-0: Ball
1-0: Ball
2-0: Foul Ball, location: 2F
2-1: Foul Ball, location: 2F
2-2: Strikes out swinging
Batting: LHB Matt Hyde 0-0: Ball
1-0: Swinging Strike
1-1: Ball
2-1: SINGLE (Groundball, 34D, EV 96.9 MPH)
Veit Geisler to second
Runner from 2nd tries for 3rd, SAFE, throw by RF made to third
Batting: LHB Jason Bell 0-0: Called Strike
0-1: Swinging Strike
0-2: Ball
1-2: Ball
2-2: DOUBLE (Flyball, 8LXD, EV 100.6 MPH)
Veit Geisler scores
Matt Hyde to third
Runner from 3rd tries for Home, SAFE, throw by CF to trailing runner, SAFE at third!
Batting: LHB Larry Myers 0-0: Foul Ball, location: 2F
0-1: Swinging Strike
0-2: SINGLE (Groundball, 34D, EV 111.2 MPH)
Jason Bell scores
Batting: RHB Jerry Edmiston Balk!
Larry Myers to second
0-0: Called Strike
0-1: Ball
1-1: Swinging Strike
1-2: Ball
2-2: Ball
3-2: Ground out 5-3 (Groundball, 56, EV 88.8 MPH)
Bottom of the 8th over - 3 runs, 4 hits, 0 errors, 1 left on base; Jackson 4 - Birmingham 5
TOP OF THE 9TH
Jackson Generals batting - Pitching for Birmingham Barons : LHP James Reynolds
Now at 2B: Dalton Silveira
Batting: LHB Addisu Nyamekye 0-0: Called Strike
0-1: Swinging Strike
0-2: Strikes out swinging
Pinch Hitting: RHB Jeff Cox 0-0: Called Strike
0-1: Called Strike
0-2: Ball
1-2: Strikes out swinging
Batting: RHB Kinzo Yokoyama 0-0: Swinging Strike
0-1: Swinging Strike
0-2: Ball
1-2: Ball
2-2: Ball
3-2: Ground out 6-3 (Groundball, 56S, EV 80.0 MPH)
Top of the 9th over - 0 runs, 0 hits, 0 errors, 0 left on base; Jackson 4 - Birmingham 5
Sunday, July 16th , 2023 - OOTP Baseball 24.6 Build 69